 Seeded DCSS version 0.29-a0-82-g837932c90e (webtiles) character file.

Game seed: 10000000000011 (custom seed)

3732 knot the Cleaver (level 9, -5/63 HPs)
             Began as a Demonspawn Berserker on Feb 5, 2022.
             Was a Believer of Trog.
             Slain by Harold (16 damage)
             ... on level 8 of the Dungeon.
             The game lasted 00:09:00 (10825 turns).

knot the Cleaver (Demonspawn Berserker)            Turns: 10825, Time: 00:09:02

Health: -5/63      AC:  4    Str: 18    XL:     9   Next: 92%
Magic:  0/9        EV: 12    Int: 12    God:    Trog [**....]
Gold:   480        SH:  0    Dex: 13    Spells: 8/8 levels left

rFire   + . .      SeeInvis .   a - +0 hand axe
rCold   . . .      Faith    .   (no shield)
rNeg    . . .      Spirit   +   v - +2 robe {rF+}
rPois   .          Reflect  .   (no helmet)
rElec   .          Harm     .   (no cloak)
rCorr   .          Rampage  .   (gloves unavailable)
Will    ++...                   (no boots)
Stlth   +.........              (no amulet)
HPRegen 1.20/turn               (no ring)
MPRegen 0.22/turn               (no ring)

@: mighty, strong-willed (expiring), on berserk cooldown, regenerating
(expiring), slowed, very slow
A: powered by death 1, magic shield, magic regeneration, demonic touch 3
a: Renounce Religion, Berserk, Trog's Hand


You were on level 8 of the Dungeon.
You worshipped Trog.
Trog was pleased with you.
You visited 1 branch of the dungeon, and saw 9 of its levels.

You collected 480 gold pieces.

Inventory:

Hand Weapons
 a - a +0 hand axe (weapon)
 l - a +3 scimitar of flaming
Missiles
 f - 216 stones
 p - 10 boomerangs
 w - 22 sling bullets
 A - 6 poisoned darts (quivered)
Armour
 v - a +2 robe of fire resistance (worn)
 y - a +2 robe of cold resistance
Jewellery
 d - an amulet of reflection
Wands
 b - a wand of iceblast (6)
 o - a wand of polymorph (14)
 t - a wand of flame (17)
 u - a wand of charming (5)
Scrolls
 c - a scroll of amnesia {unknown}
 h - 3 scrolls of identify {unknown}
 m - 2 scrolls of blinking {unknown}
 n - a scroll of fog {unknown}
 q - 2 scrolls of teleportation {unknown}
 s - 2 scrolls of holy word {unknown}
 z - a scroll of magic mapping {unknown}
Potions
 r - a potion of brilliance {unknown}
 x - 2 potions of resistance {unknown}


   Skills:
 - Level 3.0 Fighting
 * Level 12.8 Axes
 * Level 3.3 Throwing
 - Level 1.7 Armour
 - Level 1.7 Dodging


You had 8 spell levels left.
You didn't know any spells.
Your spell library contained the following spells:

 Spells                   Type           Power      Damage    Failure   Level
 Corpse Rot               Necr/Air       0%         N/A       45%         2
 Ensorcelled Hibernation  Hex/Ice        0%         N/A       45%         2
 Passwall                 Tmut/Erth      0%         N/A       45%         2
 Poisonous Vapours        Pois/Air       0%         N/A       45%         2
 Ozocubu's Armour         Ice            0%         N/A       69%         3
 Swiftness                Air            0%         N/A       69%         3
 Tukima's Dance           Hex            0%         N/A       69%         3
 Anguish                  Hex/Necr       0%         N/A       97%         4
 Metabolic Englaciation   Hex/Ice        0%         N/A       100%        5
 Simulacrum               Ice/Necr       0%         N/A       100%        6
 Enfeeble                 Hex            0%         N/A       100%        7


Dungeon Overview and Level Annotations

Branches:
Dungeon (9/15)             Temple (0/1) D:4
   Lair: D:8-11         Orc: D:9-12

Altars:
Okawaru
Ru
Uskayaw

Shops:
D:3 [

Annotations:
D:8 Harold


Innate Abilities, Weirdness & Mutations

You regenerate a little health from kills.
When hurt, damage is shared between your health and your magic reserves.
You regenerate magic rapidly.
Your touch may irresistibly damage your foes and sap their willpower.


Message History

Harold is moderately wounded.
Harold hits you with a +0 short sword.
* * * LOW HITPOINT WARNING * * *
You slash Harold!
Harold is moderately wounded.
Harold hits you with a +0 short sword!
* * * LOW HITPOINT WARNING * * *
You feel better.
Your transformation is almost over.
Harold hits you but does no damage.
You slash Harold!
Harold is heavily wounded.
Harold hits you with a +0 short sword!
* * * LOW HITPOINT WARNING * * *
Okay, then.
You hit Harold.
Harold is heavily wounded.
Harold hits you with a +0 short sword!
* * * LOW HITPOINT WARNING * * *
Okay, then.
You feel better. Harold hits you with a +0 short sword!
* * * LOW HITPOINT WARNING * * *
Okay, then.
You feel better.
Harold says, "Listen, it's nothing personal.
It's just a job."
Harold hits you but does no damage. Harold hits you with a +0 short sword!
* * * LOW HITPOINT WARNING * * *
You feel better. Harold hits you with a +0 short sword.
* * * LOW HITPOINT WARNING * * *
You feel better. Harold hits you but does no damage.
Harold hits you with a +0 short sword.
* * * LOW HITPOINT WARNING * * *
You slash Harold!
Harold is severely wounded.
You feel less wooden.
Your +2 robe of fire resistance unmelds from your body.
You feel resistant to fire.
You feel the effects of Trog's Hand fading.
Harold hits you with a +0 short sword!
You die...

#.# .# #.# #.# .# #.# #.# #.#
#.# ###.# #.#####.#######
.##.#####.............#
...............>.####.#
.#######...####..# #.# .. ##
###...####..####[####..# #
##.....##...@...........# ##
##...#.....##@###...#.#.##
.###.....#.##...............#
#..........##.##...#........#
.#.........##.####.##.......#
##.........##.# #...........
##.........##.# ####.......#
###.......###.# #).>....#
.........## #.# #.......#


You could see Harold.

Vanquished Creatures
  Erica (D:8)
  Joseph (D:7)
  A kobold demonologist (D:5)
  Prince Ribbit (D:8)
  A water moccasin (D:8)
  A black bear (D:5)
  A necrophage (D:6)
  2 boggarts
  An ice beast (D:7)
  4 ogres
  A centaur (D:8)
  A phantom (D:6)
  A kobold brigand (D:7)
  6 scorpions
  2 wyvern zombies (D:7)
  A bullfrog (D:8)
  A wyvern skeleton (D:7)
  5 wights (D:7)
  A centaur zombie (D:5)
  An orc priest (D:4)
  2 jellies
  3 hounds
  2 bullfrog skeletons
  3 centaur skeletons
  Ijyb (D:4)
  A scorpion zombie (D:5)
  7 adders
  A shadow imp (D:7)
  A white imp (D:5)
  14 orcs
  6 endoplasms
  2 giant cockroaches
  5 goblins
  5 hobgoblins
  14 jackals
  A quokka (D:4)
  4 ball pythons
  7 bats
  5 frilled lizards
  7 kobolds
  5 rats
130 creatures vanquished.

Vanquished Creatures (others)
  An orc wizard (D:7)
1 creature vanquished.

Grand Total: 131 creatures vanquished

Notes
Turn   | Place    | Note
-------+----------+-------------------------------------------
     0 | D:1      | knot the Demonspawn Berserker began the quest for the Orb.
     0 | D:1      | Reached XP level 1. HP: 18/18 MP: 1/1
    46 | D:1      | Reached skill level 3 in Axes
   191 | D:1      | Gained mutation: You regenerate magic rapidly. [demonic
                  | ancestry]
   191 | D:1      | Reached XP level 2. HP: 24/24 MP: 2/2
  1495 | D:2      | Reached skill level 4 in Axes
  1495 | D:2      | Gained mutation: Your touch may inflict minor irresistible
                  | damage on your foes. [demonic ancestry]
  1495 | D:2      | Reached XP level 3. HP: 12/29 MP: 3/3
  1859 | D:2      | Reached ** piety under Trog
  2058 | D:2      | Reached XP level 4. HP: 22/35 MP: 4/4
  2477 | D:3      | Noticed an ogre
  2486 | D:3      | Killed an ogre
  2487 | D:3      | Reached skill level 5 in Axes
  2487 | D:3      | Reached XP level 5. HP: 41/41 MP: 5/5
  2571 | D:3      | Found Daocsar's Antique Armour Emporium.
  3096 | D:4      | Reached skill level 6 in Axes
  3440 | D:4      | Found a staircase to the Ecumenical Temple.
  3484 | D:4      | Gained mutation: Your touch may inflict irresistible damage
                  | on your foes. [demonic ancestry]
  3484 | D:4      | Reached XP level 6. HP: 29/47 MP: 6/6
  3682 | D:5      | Entered Level 5 of the Dungeon
  3731 | D:5      | Noticed a kobold demonologist
  3753 | D:5      | Noticed a smoke demon
  3754 | D:5      | Killed a kobold demonologist
  3755 | D:5      | Reached skill level 7 in Axes
  3907 | D:5      | Gained mutation: When hurt, damage is shared between your
                  | health and your magic reserves. [demonic ancestry]
  3907 | D:5      | Reached XP level 7. HP: 52/52 MP: 7/7
  4666 | D:6      | Reached skill level 8 in Axes
  5322 | D:6      | Reached skill level 9 in Axes
  5322 | D:6      | Gained mutation: You regenerate a little health from kills.
                  | [demonic ancestry]
  5322 | D:6      | Reached XP level 8. HP: 48/58 MP: 6/8
  5641 | D:6      | Found an iron altar of Okawaru.
  6217 | D:5      | Found a hide-covered altar of Uskayaw.
  6367 | D:5      | Reached skill level 10 in Axes
  6791 | D:4      | Noticed Duvessa
  6791 | D:4      | Noticed Dowan
  6792 | D:4      | Noticed Ijyb
  6802 | D:4      | Noticed Duvessa
  6802 | D:4      | Duvessa changed into Duvessa the scorpion
  6808 | D:4      | Killed Duvessa the scorpion
  6815 | D:4      | Killed Ijyb
  7200 | D:4      | Noticed Dowan
  7200 | D:4      | Dowan changed into Dowan the boggart
  7204 | D:4      | Killed Dowan the boggart
  7811 | D:7      | Noticed Joseph
  8334 | D:7      | Found a sacrificial altar of Ru.
  8398 | D:7      | Reached skill level 11 in Axes
  8405 | D:7      | Gained mutation: Your touch may irresistibly damage your
                  | foes and sap their willpower. [demonic ancestry]
  8405 | D:7      | Reached XP level 9. HP: 43/63 MP: 3/9
  8703 | D:7      | Killed Joseph
  8893 | D:7      | Reached skill level 12 in Axes
  9486 | D:8      | Noticed Erica
 10137 | D:8      | Killed Erica
 10597 | D:8      | Noticed Prince Ribbit
 10609 | D:8      | Killed Prince Ribbit
 10786 | D:8      | Found the +3 hat of Pondering {ponderous, Will+ MP+10
                  | Int+5}
 10794 | D:8      | Noticed Harold
 10820 | D:8      | HP: 2/94 [Harold (10)]
 10825 | D:8      | Slain by Harold

Illustrated notes

Levels and vault maps discovered:
D:1:      lordsloth_arrival_two_stooges, layout_basic, grunt_decor_fettered,
          minmay_misc_feat_diagonals, nicolae_concentric_dashed_squares_wild
D:2:      layout_rooms, hangedman_decor_clover_reticule
D:3:      layout_basic, serial_shops, shop, kennysheep_path_1
D:4:      layout_rooms, temple_doors_e, uniq_duvessa, uniq_ijyb
D:5:      layout_loops_cross, nicolae_uskayaw_suspiria, item_on_display_a
D:6:      layout_rooms, nicolae_overflow_hidden_temple, grunt_ministairs_6
D:7:      layout_loops_ring, nicolae_ru_awakened_eye, palyth_stone_intersect,
          minmay_misc_feat_alley, minivault_27, uniq_joseph
D:8:      layout_loops_ring, ebering_ghost_disaster_area,
          nicolae_shop_self_help, uniq_harold, uniq_erica, uniq_prince_ribbit1
D:9:      layout_grid_maze, grunt_lair_entry_orc_guard_hut

Skill      XL: |  1  2  3  4  5  6  7  8  9 |
---------------+----------------------------+-----
Axes           | 3 4 5 6 7 9 11 12 | 12.8
Throwing       | 3 |  3.3
Fighting       | |  3.0
Armour         | |  1.7
Dodging        | |  1.7

Action                   |  1- 3 |  4- 6 |  7- 9 || total
-------------------------+-------+-------+-------++-------
Melee: Hand axe          |    91 |    81 |   266 ||   438
       Punch             |     1 |     3 |     6 ||    10
       Touch             |     5 |    20 |    57 ||    82
Throw: Stone             |       |     1 |     4 ||     5
       Dart              |       |       |     7 ||     7
       Boomerang         |       |       |     4 ||     4
Invok: Berserk           |     2 |     3 |    17 ||    22
       Trog's Hand       |       |       |     3 ||     3
Evoke: Wand              |       |       |     9 ||     9
  Use: Potion            |       |       |    10 ||    10
 Stab: Sleeping          |       |     1 |       ||     1
Armor: Animal skin       |    20 |     9 |    14 ||    43
       Robe              |       |       |    11 ||    11
       Skin              |       |       |     8 ||     8
Dodge: Dodged            |    88 |    36 |   118 ||   242

Table legend: (Time is in decaauts)
 A = Elapsed time spent in this place.
 B = Non-inter-level travel time spent in this place.
 C = Inter-level travel time spent in this place.
 D = Time resting spent in this place.
 E = Time spent auto-exploring this place.
 F = Levels seen in this place.
 G = Mean time per level.
                   A        B        C        D        E       F      G
               +--------+--------+--------+--------+--------+-----+--------+
         Total |  11008 |  10568 |    440 |   5587 |   3913 |   9 | 1223.1 |
       Dungeon |  11008 |  10568 |    440 |   5587 |   3913 |   9 | 1223.1 |
               +--------+--------+--------+--------+--------+-----+--------+

Top non-repeatable levels by time:
     D:5: 1850 daAuts
     D:6: 1565 daAuts
     D:1: 1513 daAuts
     D:7: 1381 daAuts
     D:4: 1322 daAuts
     D:3: 1026 daAuts
     D:2: 902 daAuts
     D:8: 816 daAuts
     D:9: 629 daAuts
